Match 46917021
Unlisted

Match 46917021
End
Engineer Squad
Construct Weapon Support Center
M1919 Machine Gun Team
M1919 Machine Gun Team
Bazooka Squad
Mortar Pit
Selects Airborne Battlegroup
Selects Pathfinders
Selects Paratrooper Squad Paradrop
Paratrooper Squad Paradrop
Mechanized Support Center
Bazooka Squad
Mortar Pit
Construct Tank Depot
Selects Anti-tank Gun Team Paradrop
Anti-tank Gun Team Paradrop
M4A1 Sherman Medium Tank
M4A1 Sherman Medium Tank
Improvised Armor
Designate Forward Repair Station
M4A1 76mm Conversion
Selects Recon Loiter
Selects Supply Drop
Selects Carpet Bombing Run
Improved M9 Bazooka Rockets
Recon Loiter
Designate Forward Repair Station
M4A1(76) Sherman Medium Tank
M3 Armored Personnel Carrier
Designate Forward Repair Station
Recon Loiter
M4A1(76) Sherman Medium Tank
Rapid Repairs
nateums
A-Kai
막돔황챠
또황챠
ShoulderGuyGuy
Marowi
Adult Asthma Is A Choice
J1odge
0
0

Comments sign in to comment!

No comments posted yet!